 Dungeon Sprint DCSS version 0.19-a0-1922-g1e9a4c1 (webtiles) character file.

70 LORDOFBUTT the Covert (level 4, -1/31 HPs)
             Began as a Spriggan Enchanter on Oct 24, 2016.
             Slain by an adder skeleton (2 damage)
             ... in the Dungeon (Sprint IX: "|||||||||||||||||||||||||||||").
             The game lasted 00:00:40 (234 turns).

LORDOFBUTT the Covert (Spriggan Enchanter)           Turns: 234, Time: 00:00:41

Health: -1/31      AC:  3    Str:  9    XL:     4   Next: 3%
Magic:  9/11       EV: 18    Int: 16    God:
Gold:   0          SH:  0    Dex: 17    Spells: 1 memorised, 10 levels left

rFire  . . .     SeeInvis +     a - +1 dagger
rCold  . . .     Gourm    .     b - +1 robe
rNeg   . . .     Faith    .     (shield restricted)
rPois  .         Spirit   .     (helmet restricted)
rElec  .         Reflect  .     (no cloak)
rCorr  .         Harm     .     (gloves unavailable)
MR     .....     NoTele   +     (boots unavailable)
Stlth  ..........               (no amulet)
                                (no ring)
                                (no ring)

@: berserking (expiring), very quick
A: unfitting armour, see invisible, herbivore 3, speed 3, slow metabolism 2
a: no special abilities


You were in the Dungeon.
You were not hungry.

You visited 1 branch

Inventory:

Hand Weapons
 a - a +1 dagger (weapon)
Armour
 b - a +1 robe (worn)
Scrolls
 j - a scroll of blinking
Potions
 e - a potion of curing
 f - a potion of heal wounds
 g - a potion of haste
 h - 2 potions of magic
Books
 c - a book of Maledictions

   Spells                             Type                      Level
   a - Corona                         Hexes                        1
   b - Ensorcelled Hibernation        Hexes/Ice                    2
   c - Confuse                        Hexes                        3
   d - Tukima's Dance                 Hexes                        3
   e - Dazzling Spray                 Conjuration/Hexes            3
Comestibles
 d - a bread ration


   Skills:
 - Level 1.1 Short Blades
 - Level 3.0 Dodging
 + Level 11.3 Stealth
 * Level 4.1 Spellcasting
 * Level 4.8 Hexes


You had 10 spell levels left.
You knew the following spells:

 Your Spells              Type           Power        Failure   Level  Hunger
a - Corona                Hex            ###....      2%          1    None


Dungeon Overview and Level Annotations

Branches:
Dungeon (1/1)

Altars:


Innate Abilities, Weirdness & Mutations

You are very small and have problems with some larger weapons.
You are too small for most types of armour.
You have supernaturally acute eyesight. (SInv)
You are a herbivore.
You cover ground extremely quickly.
You need consume almost no food.


Message History

The hound bites you.
* * * LOW HITPOINT WARNING * * *
You puncture the hound!
You kill the hound!
Your Spellcasting skill gained 2 levels and is now at level 4!
Your Hexes skill increases to level 4!
You have reached level 4!
You closely miss the leopard gecko. The leopard gecko bites you.
* * * LOW HITPOINT WARNING * * *
You closely miss the leopard gecko. You puncture the leopard gecko!
You kill the leopard gecko!
You barely miss the adder skeleton. The adder skeleton bites you.
* * * LOW HITPOINT WARNING * * *
You puncture the adder skeleton!
The adder skeleton is heavily damaged.
You hit the adder skeleton.
The adder skeleton is almost destroyed.
The adder skeleton bites you.
You die...

▓'▓
▓÷▓
▓(▓
▓÷▓
▓.▓
▓.▓
▓a▓
▓Z▓
▓@▓
▓.▓
▓<▓
▓▓▓


You could see a worker ant and an adder skeleton.

Vanquished Creatures
  A crimson imp (D)
  A hound (D)
  A leopard gecko (D)
  2 hobgoblins (D)
  A kobold (D)
  2 rats (D)
8 creatures vanquished.

Notes
Turn   | Place    | Note
-------+----------+-------------------------------------------
     0 | D        | LORDOFBUTT the Spriggan Enchanter began the quest for the Orb.
     0 | D        | Reached XP level 1. HP: 9/9 MP: 5/5
     5 | D        | Reached skill level 5 in Stealth
     9 | D        | Reached skill level 6 in Stealth
   206 | D        | Noticed a worker ant
   206 | D        | Noticed a hound
   206 | D        | Noticed a crimson imp
   208 | D        | Killed a crimson imp
   208 | D        | Reached skill level 11 in Stealth
   208 | D        | Reached XP level 2. HP: 13/13 MP: 6/6
   208 | D        | Reached XP level 3. HP: 16/16 MP: 8/8
   228 | D        | Reached XP level 4. HP: 7/21 MP: 8/11
   232 | D        | HP: 1/31 [adder skeleton (4)]
   234 | D        | Slain by an adder skeleton

Vault maps used:
D:        linesprint

Skill      XL: |  1  2  3 |
---------------+----------+-----
Stealth        | 11 | 11.3
Spellcasting   | 4 |  4.1
Hexes          | 4 |  4.8
Short Blades   | |  1.1
Dodging        | |  3.0

Action                   |  1- 3 |  4- 6 || total
-------------------------+-------+-------++-------
Melee: Dagger            |    22 |     6 ||    28
 Cast: Corona            |     1 |       ||     1
  Use: Potion            |     1 |       ||     1
 Stab: Sleeping          |     5 |       ||     5
Armor: Robe              |     1 |       ||     1
Dodge: Dodged            |    12 |       ||    12
